 Dungeon Crawl Stone Soup version 0.25-a0-566-g062765be81 (webtiles) character file.

Game seed: 9208850300528703255, levelgen mode: deterministic

18 Lugonue the Scratcher (level 2, 0/12 HPs)
             Began as a Felid Transmuter on Feb 27, 2020.
             Slain by an adder (4 damage)
             ... on level 2 of the Dungeon.
             The game lasted 00:01:18 (825 turns).

Lugonue the Scratcher (Felid Transmuter)             Turns: 825, Time: 00:01:18

Health: 0/12       AC:  1    Str:  6    XL:     2   Next: 48%
Magic:  5/6        EV: 18    Int: 14    God:
Gold:   38         SH:  0    Dex: 16    Spells: 2/5 levels left
                                        Lives:  0   Deaths: 0

rFire    . . .     SeeInvis +     - Unarmed
rCold    . . .     Gourm    .   (shield unavailable)
rNeg     . . .     Faith    .   (armour unavailable)
rPois    .         Spirit   .   (helmet unavailable)
rElec    .         Reflect  .   (cloak unavailable)
rCorr    .         Harm     .   (gloves unavailable)
MR       .....                  (boots unavailable)
Stlth    ++........             (no amulet)
HPRegen  0.04/turn              (no ring)
MPRegen  0.10/turn              (no ring)

@: brilliant, lethally poisoned (0 -> -9), quick
A: very small, no armour, no weapons or thrown items, stealth, claws 1, fangs 3,
see invisible, carnivore, speed 1, shaggy fur 1, slow metabolism 1, sharp paws
a: no special abilities


You were on level 2 of the Dungeon.
You were not hungry.

You visited 1 branch of the dungeon, and saw 2 of its levels.

You collected 38 gold pieces.

Inventory:

Missiles
 a - 10 arrows
Scrolls
 b - a scroll of immolation {unknown}
 d - 2 scrolls of identify {unknown}
Comestibles
 c - 2 rations


   Skills:
 * Level 1.0 Fighting
 + Level 2.8 Dodging
 + Level 3.3 Unarmed Combat
 * Level 2.3 Spellcasting
 + Level 2.5 Transmutations


You had 2 spell levels left.
You knew the following spells:

 Your Spells              Type           Power        Failure   Level  Hunger
a - Beastly Appendage     Tmut           ##....       9%          1    None
b - Sticks to Snakes      Tmut           ##......     12%         2    None

Your spell library contained the following spells:

 Spells                   Type           Power        Failure   Level  Hunger
 Spider Form              Tmut/Pois      #.........   38%         3    None
 Ice Form                 Ice/Tmut       #.......     80%         4    None
 Blade Hands              Tmut           ##........   92%         5    None


Dungeon Overview and Level Annotations

Branches:
Dungeon (2/15)

Altars:


Innate Abilities, Weirdness & Mutations

You cannot wear armour.
You are incapable of wielding weapons or throwing items.
Your paws allow you to move quietly. (Stealth)
You have sharp claws.
You have razor-sharp teeth.
You have supernaturally acute eyesight. (SInv)
You are carnivorous and can eat meat at any time.
You cover ground quickly.
You are covered in fur. (AC +1)
You have a slow metabolism.
Your sharp claws are effective at attacking unaware monsters.


Message History

You see here a +0 club.
There is a stone staircase leading down here.
You climb downwards. 2 bats, an adder and a hobgoblin come into view.
Found a chain mail.
There is a stone staircase leading up here.
The helpless bat fails to defend itself.
You claw the bat!
You kill the bat!
The adder bites you. The adder bites you.
You are lethally poisoned!
The adder poisons you!
You feel sick.
It was a potion of brilliance.
You feel clever all of a sudden.
You feel sick. The adder closely misses you. The adder misses you.
You feel sick. The adder bites you.
You die...

#... #...
#.g# #..#
##..###
.....+
##########..#
....[..@S.<.#
##########..#
#.....
#.......
#.###### #.#
#.# b.#


You could see an adder.

Vanquished Creatures
  A leopard gecko (D:1)
  A giant cockroach (D:1)
  2 hobgoblins (D:1)
  3 jackals (D:1)
  4 bats
  3 goblins (D:1)
  A rat (D:1)
15 creatures vanquished.

Notes
Turn   | Place    | Note
-------+----------+-------------------------------------------
     0 | D:1      | Lugonue the Felid Transmuter began the quest for the Orb.
     0 | D:1      | Reached XP level 1. HP: 9/9 MP: 4/4
   397 | D:1      | Reached XP level 2. HP: 12/12 MP: 4/6
   402 | D:1      | Learned a level 2 spell: Sticks to Snakes
   825 | D:2      | Slain by an adder

Levels and vault maps discovered:
D:1:      dpeg_arrival_circle_labyrinth_a, layout_loops_ring
D:2:      layout_basic, lemuel_doored_altar, first_ration,
          hangedman_decor_peaks_small, uniq_natasha

Action                   || total
-------------------------++-------
Melee: Unarmed           ||    60
       Bite              ||     4
       Headbutt          ||     1
 Cast: Beastly Appendage ||     3
       Sticks to Snakes  ||     2
  Use: Potion            ||     1
 Stab: Sleeping          ||     1
Armor: Skin              ||    10
Dodge: Dodged            ||    88

Table legend:
 A = Non-vault XP
 B = Vault XP
 C = Vault XP percentage of total XP
 D = Non-vault monster count
 E = Vault monster count
 F = Vault count percentage of total count
                 A         B        C        D         E       F
            +---------+---------+-------+---------+---------+-------
      Total |      26 |       0 |   0.0 |      15 |       0 |   0.0
            +---------+---------+-------+---------+---------+-------
        D:1 |      24 |       0 |   0.0 |      14 |       0 |   0.0
        D:2 |       2 |       0 |   0.0 |       1 |       0 |   0.0
            +---------+---------+-------+---------+---------+-------
